MWL
WISCONSIN RAPIDS TIMBER RATTLERS @ DECATUR COMMODORES
05/18/1982
 
TOP OF THE 1ST
Wisconsin Rapids Timber Rattlers batting - Pitching for Decatur Commodores : RHP Fred Howard
Pitching: RHP Fred Howard
Batting: RHB Tim Pyznarski 0-0: Called Strike
0-1: SINGLE (Line Drive, 3D, EV 106.3 MPH)
Batting: RHB Jim Presley 0-0: Called Strike
Tim Pyznarski steals 2nd base
0-1: Ball
1-1: Called Strike
1-2: Ball
2-2: Ball
3-2: Ground out 6-3 (Groundball, 4M, EV 111.3 MPH)
Tim Pyznarski to third
Batting: LHB Dion James 0-0: Ball
1-0: Ball
2-0: Fly out, F3 (Popup, 3SF, EV 78.1 MPH)
Batting: LHB Greg Smith 0-0: Ball
1-0: Ball
2-0: Ball
3-0: Called Strike
3-1: Fly out, F7 (Flyball, 7S, EV 82.5 MPH)
Top of the 1st over - 0 runs, 1 hit, 0 errors, 1 left on base; Wisconsin Rapids 0 - Decatur 0
BOTTOM OF THE 1ST
Decatur Commodores batting - Pitching for Wisconsin Rapids Timber Rattlers : LHP Raul Morales
Pitching: LHP Raul Morales
Batting: SHB Roger Holt 0-0: Ball
1-0: Ground out 5-3 (Groundball, 56S, EV 83.8 MPH)
Batting: LHB Jerry Miller 0-0: Ground out 6-3 (Groundball, 6, EV 101.9 MPH)
Batting: SHB Rondin Johnson 0-0: Ground out 1-3 (Groundball, 13, EV 65.0 MPH)
Bottom of the 1st over - 0 runs, 0 hits, 0 errors, 0 left on base; Wisconsin Rapids 0 - Decatur 0
TOP OF THE 2ND
Wisconsin Rapids Timber Rattlers batting - Pitching for Decatur Commodores : RHP Fred Howard
Batting: RHB Barbaro Garbey 0-0: Swinging Strike
0-1: Ground out 4-3 (Groundball, 4, EV 106.3 MPH)
Batting: LHB Matt Hall 0-0: Ball
1-0: Foul Ball, location: 2F
1-1: Called Strike
1-2: Ball
2-2: Foul Ball, location: 2F
2-2: Foul Ball, location: 2F
2-2: Ball
3-2: Strikes out looking
Batting: RHB Darryl Motley 0-0: Ball
1-0: Swinging Strike
1-1: Fly out, F5 (Popup, 5SF, EV 70.0 MPH)
Top of the 2nd over - 0 runs, 0 hits, 0 errors, 0 left on base; Wisconsin Rapids 0 - Decatur 0
BOTTOM OF THE 2ND
Decatur Commodores batting - Pitching for Wisconsin Rapids Timber Rattlers : LHP Raul Morales
Batting: LHB David Showalter 0-0: Fly out, F8 (Line Drive, 8LM, EV 97.5 MPH)
Batting: SHB Daniel Wieser 0-0: Ball
1-0: Ball
2-0: Ball
3-0: Base on Balls
Batting: RHB Miguelito DeLaCruz 0-0: Called Strike
0-1: Ball
1-1: Reached on error, E5 (Groundball, 56, EV 95.6 MPH)
Daniel Wieser to second
Batting: RHB William Kelley 0-0: Called Strike
0-1: Fly out, F8 (Line Drive, 8RD, EV 98.8 MPH)
Batting: LHB Samuel Taves 0-0: Ball
1-0: Ball
2-0: Ground out 4-3 (Groundball, 4, EV 86.3 MPH)
Bottom of the 2nd over - 0 runs, 0 hits, 1 error, 2 left on base; Wisconsin Rapids 0 - Decatur 0
TOP OF THE 3RD
Wisconsin Rapids Timber Rattlers batting - Pitching for Decatur Commodores : RHP Fred Howard
Batting: RHB Al Pedrique 0-0: Ground out U3 (Groundball, 3, EV 85.0 MPH)
Batting: RHB Phil Lombardi 0-0: Ball
1-0: Ball
2-0: Swinging Strike
2-1: Called Strike
2-2: Foul Ball, location: 2F
2-2: Ball
3-2: Foul Ball, location: 2F
3-2: Fly out, F9 (Flyball, 9, EV 81.9 MPH)
Batting: RHB Tim Pyznarski 0-0: Ball
1-0: Foul Ball, location: 2F
1-1: Ball
2-1: Foul Ball, location: 2F
2-2: Ball
3-2: Fly out, F3 (Line Drive, 3, EV 65.6 MPH)
Top of the 3rd over - 0 runs, 0 hits, 0 errors, 0 left on base; Wisconsin Rapids 0 - Decatur 0
BOTTOM OF THE 3RD
Decatur Commodores batting - Pitching for Wisconsin Rapids Timber Rattlers : LHP Raul Morales
Batting: RHB Rafael Sanchez 0-0: Ball
1-0: Ground out 1-3 (Groundball, 13, EV 69.4 MPH)
Batting: SHB Roger Holt 0-0: Ball
1-0: Fly out, F9 (Flyball, 89S, EV 90.0 MPH)
Pitching: RHP Juan Maravilla
Batting: LHB Jerry Miller 0-0: Ball
1-0: Ball
2-0: Ball
3-0: Base on Balls
Batting: SHB Rondin Johnson 0-0: Called Strike
0-1: SINGLE (Groundball, 5S, EV 65.0 MPH) (infield hit)
Jerry Miller to second
Batting: LHB David Showalter 0-0: Ball
1-0: Foul Ball, location: 2F
1-1: Ball
Wild Pitch!
Jerry Miller to third
Rondin Johnson to second
2-1: Ball
3-1: Called Strike
3-2: Fly out, F6 (Popup, 6MS, EV 70.0 MPH)
Bottom of the 3rd over - 0 runs, 1 hit, 0 errors, 2 left on base; Wisconsin Rapids 0 - Decatur 0
TOP OF THE 4TH
Wisconsin Rapids Timber Rattlers batting - Pitching for Decatur Commodores : RHP Fred Howard
Batting: RHB Jim Presley 0-0: Called Strike
0-1: Foul Ball, location: 2F
0-2: Hit by Pitch
Batting: LHB Dion James 0-0: Grounds out, U3 (Groundball, 3L, EV 90.6 MPH)
Batting: LHB Greg Smith 0-0: Ball
1-0: Ball
Wild Pitch!
Jim Presley to third
2-0: Foul Ball, location: 2F
2-1: Ball
3-1: Swinging Strike
3-2: Base on Balls
Batting: RHB Barbaro Garbey 0-0: Called Strike
0-1: Fielders Choice at 2nd, 6-4 (Groundball, 6S, EV 85.6 MPH)
Jim Presley scores
Batting: LHB Matt Hall 0-0: Swinging Strike
0-1: Called Strike
0-2: Ball
1-2: SINGLE (Groundball, 3L, EV 103.8 MPH) (infield hit)
Barbaro Garbey to second
Batting: RHB Darryl Motley 0-0: Ball
1-0: Fly out, F6 (Popup, 15, EV 70.6 MPH)
Top of the 4th over - 1 run, 1 hit, 0 errors, 2 left on base; Wisconsin Rapids 1 - Decatur 0
BOTTOM OF THE 4TH
Decatur Commodores batting - Pitching for Wisconsin Rapids Timber Rattlers : RHP Juan Maravilla
Batting: SHB Daniel Wieser 0-0: Ball
1-0: Fly out, F8 (Flyball, 78D, EV 92.5 MPH)
Batting: RHB Miguelito DeLaCruz 0-0: Called Strike
0-1: Ball
1-1: Ball
2-1: Foul Ball, location: 2F
2-2: Strikes out swinging
Batting: RHB William Kelley 0-0: Called Strike
0-1: Foul Ball, location: 2F
0-2: Ball
1-2: Ball
2-2: Foul Ball, location: 2F
2-2: Strikes out swinging
Bottom of the 4th over - 0 runs, 0 hits, 0 errors, 0 left on base; Wisconsin Rapids 1 - Decatur 0
TOP OF THE 5TH
Wisconsin Rapids Timber Rattlers batting - Pitching for Decatur Commodores : RHP Fred Howard
Batting: RHB Al Pedrique 0-0: Ball
1-0: Ground out 6-3 (Groundball, P, EV 88.1 MPH)
Batting: RHB Phil Lombardi 0-0: SINGLE (Groundball, 6M, EV 108.1 MPH)
Batting: RHB Tim Pyznarski 0-0: Foul Ball, location: 2F
0-1: Hit by Pitch
Phil Lombardi to second
Batting: RHB Jim Presley 0-0: Ball
1-0: Ball
2-0: Foul Ball, location: 2F
2-1: Foul Ball, location: 2F
2-2: Fly out, F4 (Popup, 23, EV 80.0 MPH)
Batting: LHB Dion James 0-0: SINGLE (Line Drive, 8LS, EV 105.0 MPH)
Phil Lombardi to third
Tim Pyznarski to second
Runner from 3rd tries for Home, SAFE, throw by CF to home
Batting: LHB Greg Smith 0-0: Called Strike
0-1: Called Strike
0-2: Ball
1-2: Foul Ball, location: 2F
1-2: Strikes out swinging
Top of the 5th over - 1 run, 2 hits, 0 errors, 2 left on base; Wisconsin Rapids 2 - Decatur 0
BOTTOM OF THE 5TH
Decatur Commodores batting - Pitching for Wisconsin Rapids Timber Rattlers : RHP Juan Maravilla
Batting: LHB Samuel Taves 0-0: Hit by Pitch
Batting: RHB Rafael Sanchez 0-0: Foul Ball, location: 2F
0-1: Ground out 5-3 (Groundball, 25, EV 76.9 MPH)
Samuel Taves to second
Batting: SHB Roger Holt 0-0: Foul Ball, location: 2F
0-1: Ball
1-1: Swinging Strike
1-2: Ground out 6-3 (Groundball, 6, EV 85.6 MPH)
Batting: LHB Jerry Miller 0-0: Called Strike
0-1: Ball
1-1: Swinging Strike
1-2: Foul Ball, location: 2F
1-2: Foul Ball, location: 2F
1-2: Ball
2-2: Foul Ball, location: 2F
2-2: Ball
3-2: Base on Balls
Batting: SHB Rondin Johnson 0-0: Called Strike
0-1: Ball
1-1: Ball
2-1: Foul Ball, location: 2F
2-2: Ball
3-2: Base on Balls
Samuel Taves to third
Jerry Miller to second
Batting: LHB David Showalter 0-0: Called Strike
0-1: Foul Ball, location: 2F
0-2: Fly out, F7 (Line Drive, 7, EV 102.5 MPH)
Bottom of the 5th over - 0 runs, 0 hits, 0 errors, 3 left on base; Wisconsin Rapids 2 - Decatur 0
TOP OF THE 6TH
Wisconsin Rapids Timber Rattlers batting - Pitching for Decatur Commodores : RHP Fred Howard
Batting: RHB Barbaro Garbey 0-0: Called Strike
0-1: Ball
1-1: Ball
2-1: Fly out, F8 (Flyball, 89S, EV 91.3 MPH)
Batting: LHB Matt Hall 0-0: Swinging Strike
0-1: Ball
1-1: Called Strike
1-2: Strikes out swinging
Batting: RHB Darryl Motley 0-0: Called Strike
0-1: Swinging Strike
0-2: Ground out 6-3 (Groundball, 6M, EV 86.3 MPH)
Top of the 6th over - 0 runs, 0 hits, 0 errors, 0 left on base; Wisconsin Rapids 2 - Decatur 0
BOTTOM OF THE 6TH
Decatur Commodores batting - Pitching for Wisconsin Rapids Timber Rattlers : RHP Juan Maravilla
Batting: SHB Daniel Wieser 0-0: Swinging Strike
0-1: Called Strike
0-2: Ground out 4-3 (Groundball, 4, EV 78.8 MPH)
Batting: RHB Miguelito DeLaCruz 0-0: Swinging Strike
0-1: Ball
1-1: Swinging Strike
1-2: Ground out 3-1 (Groundball, 34S, EV 80.6 MPH)
Pitching: LHP Mercedes Esquer
Batting: RHB William Kelley 0-0: Foul Ball, location: 2F
0-1: Called Strike
0-2: Ball
1-2: Foul Ball, location: 2F
1-2: Foul Ball, location: 2F
1-2: Ground out 6-3 (Groundball, 6, EV 90.0 MPH)
Bottom of the 6th over - 0 runs, 0 hits, 0 errors, 0 left on base; Wisconsin Rapids 2 - Decatur 0
TOP OF THE 7TH
Wisconsin Rapids Timber Rattlers batting - Pitching for Decatur Commodores : RHP Fred Howard
Batting: RHB Al Pedrique 0-0: Swinging Strike
0-1: Foul Ball, location: 2F
0-2: Ball
1-2: Foul Ball, location: 2F
1-2: Ball
2-2: Foul Ball, location: 2F
2-2: Strikes out looking
Pitching: RHP Denny Schafer
Batting: RHB Phil Lombardi 0-0: Ball
1-0: Called Strike
1-1: Swinging Strike
1-2: Strikes out looking
Batting: RHB Tim Pyznarski 0-0: Swinging Strike
0-1: Foul Ball, location: 2F
0-2: Strikes out swinging
Top of the 7th over - 0 runs, 0 hits, 0 errors, 0 left on base; Wisconsin Rapids 2 - Decatur 0
BOTTOM OF THE 7TH
Decatur Commodores batting - Pitching for Wisconsin Rapids Timber Rattlers : LHP Mercedes Esquer
Batting: LHB Samuel Taves 0-0: Ground out 6-3 (Groundball, 6MS, EV 83.8 MPH)
Batting: RHB Rafael Sanchez 0-0: Called Strike
0-1: Foul Ball, location: 2F
0-2: Ball
1-2: Foul Ball, location: 2F
1-2: Foul Ball, location: 2F
1-2: Ball
2-2: Strikes out looking
Batting: SHB Roger Holt 0-0: Hit by Pitch
Batting: LHB Jerry Miller 0-0: Ball
1-0: Swinging Strike
1-1: Called Strike
1-2: Ball
2-2: Ground out 4-3 (Groundball, 34D, EV 88.1 MPH)
Bottom of the 7th over - 0 runs, 0 hits, 0 errors, 1 left on base; Wisconsin Rapids 2 - Decatur 0
TOP OF THE 8TH
Wisconsin Rapids Timber Rattlers batting - Pitching for Decatur Commodores : RHP Denny Schafer
Batting: RHB Jim Presley 0-0: Called Strike
0-1: Ball
1-1: Swinging Strike
1-2: Ball
2-2: Foul Ball, location: 2F
2-2: Fly out, F7 (Flyball, 78D, EV 103.8 MPH)
Batting: LHB Dion James 0-0: Called Strike
0-1: Ball
1-1: Foul Ball, location: 2F
1-2: Ball
2-2: SINGLE (Line Drive, 8RS, EV 94.4 MPH)
Batting: LHB Greg Smith 0-0: Fly out, F7 (Flyball, 78M, EV 79.4 MPH)
Batting: RHB Barbaro Garbey 0-0: Called Strike
0-1: Ball
1-1: Called Strike
Dion James steals 2nd base (no throw)
1-2: 2-RUN HOME RUN (Flyball, 78XD, EV 111.9 MPH), Distance : 412 ft
Batting: LHB Matt Hall 0-0: Foul Ball, location: 2F
0-1: Ball
1-1: Ball
2-1: Ball
3-1: Fly out, F7 (Flyball, 78M, EV 95.0 MPH)
Top of the 8th over - 2 runs, 2 hits, 0 errors, 0 left on base; Wisconsin Rapids 4 - Decatur 0
BOTTOM OF THE 8TH
Decatur Commodores batting - Pitching for Wisconsin Rapids Timber Rattlers : LHP Mercedes Esquer
Batting: SHB Rondin Johnson 0-0: Swinging Strike
0-1: Ball
1-1: Ball
2-1: Foul Ball, location: 2F
2-2: Fly out, F7 (Flyball, 7D, EV 91.9 MPH)
Batting: LHB David Showalter 0-0: Called Strike
0-1: Fly out, F8 (Flyball, 8LXD, EV 101.3 MPH)
Batting: SHB Daniel Wieser 0-0: Ball
1-0: Ball
2-0: SINGLE (Groundball, 34D, EV 96.9 MPH)
Batting: RHB Miguelito DeLaCruz 0-0: Ball
1-0: Swinging Strike
1-1: Ball
2-1: Swinging Strike
2-2: Foul Ball, location: 2F
2-2: Foul Ball, location: 2F
2-2: Ball
3-2: Base on Balls
Daniel Wieser to second
Batting: RHB William Kelley 0-0: Ball
1-0: Foul Ball, location: 2F
1-1: Fly out, F5 (Popup, 5SF, EV 70.6 MPH)
Bottom of the 8th over - 0 runs, 1 hit, 0 errors, 2 left on base; Wisconsin Rapids 4 - Decatur 0
TOP OF THE 9TH
Wisconsin Rapids Timber Rattlers batting - Pitching for Decatur Commodores : RHP Denny Schafer
Pitching: RHP Luis Guzman
Batting: RHB Darryl Motley 0-0: Called Strike
0-1: Swinging Strike
0-2: Ball
1-2: Foul Ball, location: 2F
1-2: Strikes out swinging
Batting: RHB Al Pedrique 0-0: Ball
1-0: Ball
2-0: Called Strike
2-1: Swinging Strike
2-2: Ball
3-2: Foul Ball, location: 2F
3-2: Foul Ball, location: 2F
3-2: SINGLE (Line Drive, 8RS, EV 102.5 MPH)
Batting: RHB Phil Lombardi 0-0: Fly out, F8 (Flyball, 78D, EV 96.9 MPH)
Batting: RHB Tim Pyznarski 0-0: Ball
1-0: Ball
2-0: Called Strike
2-1: Foul Ball, location: 2F
2-2: Ball
3-2: Base on Balls
Al Pedrique to second
Batting: RHB Jim Presley 0-0: Ball
1-0: Ball
2-0: Ball
3-0: Base on Balls
Al Pedrique to third
Tim Pyznarski to second
Batting: LHB Dion James 0-0: Swinging Strike
0-1: Swinging Strike
0-2: Ball
1-2: SINGLE (Groundball, 34D, EV 110.6 MPH)
Al Pedrique scores
Tim Pyznarski to third
Jim Presley to second
Runner from 3rd tries for Home, SAFE, throw by RF to home
Batting: LHB Greg Smith 0-0: Foul Ball, location: 2F
0-1: Fly out, F7 (Flyball, 78M, EV 88.1 MPH)
Top of the 9th over - 2 runs, 2 hits, 0 errors, 2 left on base; Wisconsin Rapids 6 - Decatur 0
BOTTOM OF THE 9TH
Decatur Commodores batting - Pitching for Wisconsin Rapids Timber Rattlers : LHP Mercedes Esquer
Batting: LHB Samuel Taves 0-0: Ball
1-0: Swinging Strike
1-1: Ground out 4-3 (Groundball, 4, EV 83.1 MPH)
Batting: RHB Rafael Sanchez 0-0: Called Strike
0-1: Ball
1-1: Called Strike
1-2: SINGLE (Groundball, 56D, EV 108.1 MPH)
Batting: SHB Roger Holt 0-0: Foul Ball, location: 2F
0-1: Ball
1-1: Ball
2-1: Foul Ball, location: 2F
2-2: Foul Ball, location: 2F
2-2: Ball
3-2: Base on Balls
Rafael Sanchez to second
Batting: LHB Jerry Miller 0-0: Fly out, F9 (Line Drive, 9, EV 93.8 MPH)
Batting: SHB Rondin Johnson 0-0: Called Strike
0-1: Ground out 5-3 (Groundball, 56S, EV 71.9 MPH)
Bottom of the 9th over - 0 runs, 1 hit, 0 errors, 2 left on base; Wisconsin Rapids 6 - Decatur 0
Friday, July 31st, 2020 - OOTP Baseball 21.5 Build 76